 Dungeon Crawl Stone Soup version 0.24.1 (webtiles) character file.

Game seed: 10350806320193688783, levelgen mode: deterministic

21513 cheongwang the Brawler (level 12, -3/111 HPs)
             Began as a Troll Monk on Apr 3, 2020.
             Was a High Priest of Okawaru.
             Slain by a white ugly thing (15 damage)
             ... on level 15 of the Dungeon.
             The game lasted 00:22:40 (11145 turns).

cheongwang the Brawler (Troll Monk)                Turns: 11145, Time: 00:22:42

Health: -3/111     AC:  9    Str: 26    XL:     12   Next: 54%
Magic:  8/15       EV: 13    Int: 11    God:    Okawaru [*****.]
Gold:   750        SH: 13    Dex: 12    Spells: 9/11 levels left

rFire    + . .     SeeInvis .     - Unarmed
rCold    . . .     Gourm    +   n - +0 shield
rNeg     . . .     Faith    .   R - +2 robe of Protective Custody {rPois Int+5}
rPois    +         Spirit   .   (helmet restricted)
rElec    .         Reflect  .   (no cloak)
rCorr    .         Harm     .   (gloves unavailable)
MR       ++...     Clarity  +   (boots unavailable)
Stlth    +++.......             (no amulet)
HPRegen  0.68/turn              N - +1 ring of protection
MPRegen  0.14/turn              O - ring of protection from magic

@: heroism, finesse
A: large, unfitting armour, claws 3, horns 1, clarity, fire resistance 1, fast
metabolism 3, gourmand, magic resistance 1, regeneration 1, shaggy fur 1, tough
skin 3
a: Heroism, Finesse, Renounce Religion


You were on level 15 of the Dungeon.
You worshipped Okawaru.
Okawaru was extremely pleased with you.
You were completely stuffed.

You visited 1 branch of the dungeon, and saw 13 of its levels.

You collected 750 gold pieces.

Inventory:

Hand Weapons
 E - a +2 trident of protection
 L - the +4 war axe of Grandeur {flame, MR+}
   (You found it on level 8 of the Dungeon)

   It has been specially enchanted to burn those struck by it, causing extra
   injury to most foes and up to half again as much damage against particularly
   susceptible opponents.
   Big, fiery blades are also staple armaments of hydra-hunters.
   It affects your resistance to hostile enchantments.
Missiles
 p - 8 javelins (quivered)
 u - 26 boomerangs
 y - 2 throwing nets
 Q - 27 poisoned darts
Armour
 a - a +0 robe
 n - a +0 shield (worn)
 J - a +1 robe of magic resistance
 R - the +2 robe of Protective Custody (worn) {rPois Int+5}
   (Okawaru gifted it to you on level 11 of the Dungeon)

   It affects your intelligence (+5).
   It protects you from poison.
Jewellery
 k - an uncursed ring of protection from cold
 C - the ring "Gumi" {Fire -Tele MP+9 SInv Stlth+}
   (You found it on level 6 of the Dungeon)

   [ring of fire]

   It enhances your fire magic.
   It protects you from fire.
   It makes you vulnerable to cold.
   It affects your magic capacity (+9).
   It lets you see invisible.
   It prevents most forms of teleportation.
   It makes you more stealthy.
 N - a +1 ring of protection (left claw)
 O - a ring of protection from magic (right claw)
Wands
 f - a wand of flame (33)
 w - a wand of iceblast (20)
 A - a wand of disintegration (12)
 H - a wand of paralysis (9)
 M - a wand of scattershot (7)
 U - a wand of digging (2)
Scrolls
 l - 3 scrolls of fear {unknown}
 m - 6 scrolls of teleportation {unknown}
 q - a scroll of noise {unknown}
 s - a scroll of enchant armour {unknown}
 t - 2 scrolls of immolation {unknown}
 x - 6 scrolls of remove curse {unknown}
 B - 3 scrolls of amnesia {unknown}
 D - a scroll of random uselessness {unknown}
 F - 2 scrolls of magic mapping {unknown}
 G - 3 scrolls of identify
 I - a scroll of summoning {unknown}
 P - a scroll of acquirement {unknown}
 S - a scroll of enchant weapon {unknown}
 T - a scroll of holy word {unknown}
Potions
 c - 2 potions of haste
 d - a potion of heal wounds
 e - 4 potions of brilliance
 h - 2 potions of ambrosia
 i - a potion of berserk rage {unknown}
 j - 2 potions of lignification
 o - 7 potions of curing
 r - a potion of mutation
 v - 3 potions of might
 z - 3 potions of resistance
 K - a potion of cancellation {unknown}
Comestibles
 b - 22 rations
 g - 3 chunks of flesh


   Skills:
 - Level 5.4(10.4) Fighting
 + Level 2.3(7.3) Axes
 - Level 2.9(7.9) Dodging
 - Level 1.2(6.2) Stealth
 - Level 7.5(12.5) Shields
 - Level 15.7(20.7) Unarmed Combat
 - Level 6.5 Invocations


You had 9 spell levels left.
You knew the following spells:

 Your Spells              Type           Power        Failure   Level  Hunger
a - Poisonous Vapours     Pois/Air       #.....       47%         2    ###....

Your spell library contained the following spells:

 Spells                   Type           Power        Failure   Level  Hunger
 Beastly Appendage        Tmut           #.....       34%         1    ##.....
 Magic Dart               Conj           #...         34%         1    ##.....
 Searing Ray              Conj           #.....       47%         2    ###....
 Sticks to Snakes         Tmut           #.......     47%         2    ###....
 Confuse                  Hex            #.......     71%         3    ####...
 Conjure Flame            Conj/Fire      #.......     71%         3    ####...
 Dazzling Spray           Conj/Hex       #.....       71%         3    ####...
 Mephitic Cloud           Conj/Pois/Air  #.......     71%         3    ####...
 Portal Projectile        Hex/Tloc       #.....       71%         3    ####...
 Spectral Weapon          Hex/Chrm       #.......     71%         3    ####...
 Spider Form              Tmut/Pois      #.........   71%         3    ####...
 Force Lance              Conj/Tloc      #.......     98%         4    #####..
 Fulminant Prism          Conj/Hex       #.........   98%         4    #####..
 Ice Form                 Ice/Tmut       #.......     98%         4    #####..
 Iskenderun's Mystic Bla  Conj           #.......     98%         4    #####..
 Olgreb's Toxic Radiance  Pois           #.......     98%         4    #####..
 Blade Hands              Tmut           #.........   100%        5    ######.
 Summon Mana Viper        Hex/Summ       #.......     100%        5    ######.
 Freezing Cloud           Conj/Ice/Air   #.........   100%        6    #######
 Ring of Flames           Chrm/Fire      #.........   100%        7    #######


Dungeon Overview and Level Annotations

Branches:
Dungeon (12/15)            Temple (0/1) D:7            Lair (0/6) D:11
    Orc (0/2) D:9

Altars:
Fedhas
Gozag
Kikubaaqudgha
Makhleb
Okawaru
Ru
Sif Muna
Trog
Wu Jian
Xom
Yredelemnul
Beogh

Annotations:
D:15 Nessos


Innate Abilities, Weirdness & Mutations

You are too large for most types of armour.
You have claws for hands.
Your metabolism is lightning-fast.
You like to eat raw meat.
Your natural rate of healing is unusually fast.
You are covered in fur. (AC +1)
You have extremely tough skin. (AC +3)
You have a pair of small horns on your head.
You possess an exceptional clarity of mind.
Your flesh is heat resistant. (rF+)
You are resistant to hostile enchantments. (MR+)


Message History

The purple ugly thing is heavily wounded.
You claw the purple ugly thing!
Your headbutt misses the purple ugly thing.
The purple ugly thing is severely wounded.
The purple ugly thing bites you! The white ugly thing pecks you!
The white ugly thing freezes you!!
* * * LOW HITPOINT WARNING * * *
You scratch the purple ugly thing but do no damage.
The purple ugly thing is severely wounded.
You barely miss the purple ugly thing.
The purple ugly thing is severely wounded.
The purple ugly thing bites you.
* * * LOW HITPOINT WARNING * * *
You mangle the white ugly thing!!
You headbutt the white ugly thing, but do no damage.
The white ugly thing is heavily wounded.
The white ugly thing pecks you.
* * * LOW HITPOINT WARNING * * *
The white ugly thing freezes you!
You die...

# ..
##############.###
#........).u.....=
......))..@u....#
#.###########...#
... .


You could see 2 ugly things.

Vanquished Creatures
  A fire dragon (D:11)
  Josephine (D:11)
  A hydra (D:12)
  Erolcha (D:9)
  Erica (D:8)
  Pikel (D:5)
  2 ugly things
  A cyclops (D:11)
  2 manticores (D:11)
  The ghost of Bliebski the Ducker, a novice MfSu of Hepliaklqana (D:6)
  2 trolls
  Grinder (D:3)
  Prince Ribbit (D:7)
  10 slime creatures
  A hippogriff (D:12)
  Sigmund (D:6)
  6 wraiths
  18 yaks
  A hungry ghost (D:9)
  A steam dragon (D:8)
  A water moccasin (D:5)
  9 orc warriors
  8 ice beasts
  Duvessa (D:5)
  3 sky beasts
  2 slaves
  5 phantoms
  An eye of draining (D:7)
  2 black bears
  9 centaurs
  7 ogres
  A crocodile (D:8)
  3 big kobolds
  9 bullfrogs
  3 gnoll sergeants (D:9)
  Dowan (D:5)
  6 scorpions
  A wyvern skeleton (D:12)
  18 killer bees
  7 wights
  A howler monkey (D:9)
  5 crimson imps
  2 bullfrog zombies (D:12)
  9 orc priests
  A quasit (D:5)
  2 bullfrog skeletons
  6 hounds
  A jelly (D:9)
  13 orc wizards
  A centaur skeleton (D:6)
  2 iguanas
  Terence (D:3)
  Ijyb (D:3)
  7 worker ants
  A killer bee zombie (D:6)
  A worker ant zombie (D:5)
  10 gnolls
  A howler monkey skeleton (D:10)
  11 adders
  5 shadow imps
  2 white imps (D:6)
  A worker ant simulacrum (D:6)
  An ooze (D:2)
  An adder skeleton (D:4)
  A worm (D:2)
  3 dart slugs
  An adder simulacrum (D:6)
  7 leopard geckos
  79 orcs
  A ball python (D:1)
  3 giant cockroaches
  6 goblins
  7 hobgoblins
  7 jackals (D:4)
  12 kobolds
  4 quokkas
  8 bats
  3 frilled lizards (D:1)
  A jackal zombie (D:5)
  2 leopard gecko skeletons (D:7)
  A quokka skeleton (D:7)
  9 rats
392 creatures vanquished.

Vanquished Creatures (others)
  An adder (D:5)
1 creature vanquished.

Grand Total: 393 creatures vanquished

Notes
Turn   | Place    | Note
-------+----------+-------------------------------------------
     0 | D:1      | cheongwang the Troll Monk began the quest for the Orb.
     0 | D:1      | Reached XP level 1. HP: 22/22 MP: 0/0
    79 | D:1      | Reached XP level 2. HP: 27/29 MP: 1/1
   380 | D:1      | Reached XP level 3. HP: 36/36 MP: 2/2
   872 | D:2      | Reached XP level 4. HP: 42/44 MP: 3/3
   986 | D:2      | Found an iron altar of Okawaru.
   995 | D:2      | Reached skill level 4 in Unarmed Combat
  1021 | D:2      | Became a worshipper of Warmaster Okawaru
  1021 | D:2      | Reached * piety under Okawaru
  1021 | D:2      | Reached ** piety under Okawaru
  1281 | D:3      | Noticed Grinder
  1288 | D:3      | Paralysed by Grinder for 2 turns
  1289 | D:3      | Noticed Terence
  1299 | D:3      | Killed Terence
  1313 | D:3      | Paralysed by Grinder for 2 turns
  1324 | D:3      | Killed Grinder
  1324 | D:3      | Reached skill level 1 in Shields
  1324 | D:3      | Reached skill level 5 in Unarmed Combat
  1324 | D:3      | Reached skill level 1 in Invocations
  1324 | D:3      | Reached XP level 5. HP: 17/53 MP: 1/4
  1324 | D:3      | Reached XP level 6. HP: 19/61 MP: 1/5
  1501 | D:3      | Noticed Ijyb
  1514 | D:3      | Killed Ijyb
  1809 | D:3      | Reached skill level 6 in Unarmed Combat
  2503 | D:4      | Reached XP level 7. HP: 67/67 MP: 7/7
  2833 | D:5      | Entered Level 5 of the Dungeon
  2901 | D:5      | Noticed Dowan
  2917 | D:5      | Reached skill level 7 in Unarmed Combat
  2918 | D:5      | Noticed Duvessa
  2946 | D:5      | Killed Duvessa
  2946 | D:5      | Noticed Pikel
  3274 | D:5      | Killed Pikel
  3274 | D:5      | Reached skill level 8 in Unarmed Combat
  3274 | D:5      | Reached XP level 8. HP: 43/75 MP: 7/9
  3281 | D:5      | Killed Dowan
  3281 | D:5      | Reached *** piety under Okawaru
  3331 | D:5      | Found a burning altar of Makhleb.
  3332 | D:5      | Found a shimmering altar of Xom.
  3416 | D:5      | Reached skill level 9 in Unarmed Combat
  3427 | D:5      | Found an ornate altar of the Wu Jian Council.
  3581 | D:5      | Found a blossoming altar of Fedhas.
  4043 | D:6      | Noticed Sigmund
  4050 | D:6      | Reached XP level 9. HP: 66/83 MP: 10/10
  4060 | D:6      | Killed Sigmund
  4233 | D:6      | Identified Tumoc's Disquisition on Malediction and Venom
  4270 | D:6      | Reached **** piety under Okawaru
  4270 | D:6      | Reached skill level 10 in Unarmed Combat
  4300 | D:6      | Found a runed translucent gate.
  4303 | D:6      | Found a runed translucent gate.
  4304 | D:6      | Found a runed translucent gate.
  4334 | D:6      | Noticed Bliebski's ghost (novice MfSu)
  4396 | D:6      | Found a basalt altar of Yredelemnul.
  4646 | D:6      | HP: 1/83 [orc warrior/+0 flail (14)]
  4857 | D:6      | Killed Bliebski's ghost
  4882 | D:6      | Reached skill level 11 in Unarmed Combat
  4899 | D:6      | Got the ring "Gumi" {Fire}
  4900 | D:6      | Identified the ring "Gumi" {Fire -Tele MP+9 SInv Stlth+}
                  | (You found it on level 6 of the Dungeon)
  4909 | D:6      | Gained mutation: Your spells are a little harder to cast,
                  | but a little more powerful. [potion of mutation]
  4909 | D:6      | Gained mutation: You are resistant to hostile enchantments.
                  | (MR+) [potion of mutation]
  4909 | D:6      | Gained mutation: You can translocate small distances at
                  | will. [potion of mutation]
  4910 | D:6      | Lost mutation: Your spells are a little harder to cast, but
                  | a little more powerful. [potion of mutation]
  4910 | D:6      | Lost mutation: You can translocate small distances at will.
                  | [potion of mutation]
  4910 | D:6      | Gained mutation: Your flesh is heat resistant. (rF+)
                  | [potion of mutation]
  4910 | D:6      | Gained mutation: You have a pair of small horns on your
                  | head. [potion of mutation]
  4910 | D:6      | Gained mutation: You possess an exceptional clarity of
                  | mind. [potion of mutation]
  4974 | D:7      | Found a staircase to the Ecumenical Temple.
  5104 | D:7      | Found a bloodstained altar of Trog.
  5115 | D:7      | Reached skill level 5 in Shields
  5564 | D:7      | Reached XP level 10. HP: 86/92 MP: 12/12
  5661 | D:7      | Noticed Prince Ribbit
  5671 | D:7      | Killed Prince Ribbit
  5671 | D:7      | Reached ***** piety under Okawaru
  5841 | D:8      | Received a gift from Okawaru
  5870 | D:8      | Got a blackened glaive {god gift}
  5955 | D:8      | Reached skill level 12 in Unarmed Combat
  6002 | D:8      | Noticed Erica
  6019 | D:8      | Killed Erica
  6442 | D:8      | Found a basalt altar of Yredelemnul.
  6531 | D:8      | Got a shimmering war axe
  6532 | D:8      | Identified the +4 war axe of Grandeur {flame, MR+} (You
                  | found it on level 8 of the Dungeon)
  6660 | D:9      | Found a sacrificial altar of Ru.
  6673 | D:9      | Reached skill level 5 in Invocations
  6708 | D:9      | Found an ancient bone altar of Kikubaaqudgha.
  6713 | D:9      | Found a shimmering blue altar of Sif Muna.
  7161 | D:9      | Noticed Erolcha
  7170 | D:9      | Killed Erolcha
  7170 | D:9      | Reached skill level 13 in Unarmed Combat
  7190 | D:9      | Found a staircase to the Orcish Mines.
  7209 | D:9      | Reached XP level 11. HP: 100/100 MP: 13/13
  7662 | D:10     | Entered Level 10 of the Dungeon
  7675 | D:10     | Received a gift from Okawaru
  8142 | D:10     | Found a roughly hewn altar of Beogh.
  8429 | D:11     | Found an opulent altar of Gozag.
  8488 | D:11     | Noticed a fire dragon
  8724 | D:11     | Killed a fire dragon
  8724 | D:11     | Reached skill level 14 in Unarmed Combat
  8801 | D:11     | Received a gift from Okawaru
  8945 | D:11     | Noticed a cyan ugly thing
  8966 | D:11     | Killed a cyan ugly thing
  8994 | D:11     | Reached skill level 5 in Fighting
  9633 | D:11     | Noticed Josephine
  9651 | D:11     | Received a gift from Okawaru
  9660 | D:11     | Killed Josephine
  9660 | D:11     | Reached XP level 12. HP: 111/111 MP: 15/15
  9671 | D:11     | Reached skill level 15 in Unarmed Combat
  9708 | D:11     | Got a slimy robe {god gift}
  9719 | D:11     | Identified the +2 robe of Protective Custody {rPois Int+5}
                  | (Okawaru gifted it to you on level 11 of the Dungeon)
  9980 | D:11     | Found a staircase to the Lair.
 10061 | D:11     | Learned a level 2 spell: Poisonous Vapours
 10878 | D:12     | Noticed a six-headed hydra
 10894 | D:12     | Killed a one-headed hydra
 11026 | D:12     | Reached skill level 1 in Axes
 11122 | D:12     | You fall into a shaft and drop 3 floors!
 11122 | D:15     | Entered Level 15 of the Dungeon
 11133 | D:15     | Noticed Nessos
 11145 | D:15     | Slain by a white ugly thing

Levels and vault maps discovered:
D:1:      wander_arrival_desolate, layout_rooms, corner_web_ring,
          minmay_misc_feat_four_crosses, hangedman_feature_mirror,
          chequers_jeans, st_stairs_13, minmay_misc_feat_columns
D:2:      layout_basic, okawaru_trees_1, first_ration
D:3:      layout_basic, kennysheep_generic_room_8, uniq_ijyb, uniq_grinder,
          uniq_terence
D:4:      layout_rooms
D:5:      layout_cave_pools, grunt_temple_overflow_champion_of_chaos,
          lemuel_doored_altar, old_standard_altar, uniq_duvessa, uniq_pikel
D:6:      layout_gridville, gammafunk_ghost_icy, glass_columns_a,
          yredelemnul_altar_generic, uniq_sigmund
D:7:      layout_gridville, trog_eyes_of_draining,
          minmay_temple_entry_gardened_gates, uniq_prince_ribbit1
D:8:      layout_rooms, lemuel_round_altar, uniq_erica
D:9:      layout_rooms, nicolae_overflow_hidden_temple, old_standard_altar,
          kennysheep_orc_monster_closet_entryway, uniq_erolcha
D:10:     layout_loops_ring, special_room [special_room_orc]
D:11:     layout_rooms, minmay_lair_entry_lava, basic_altar, serial_glass,
          glass_columns_a, glass_columns_c, uniq_josephine
D:12:     layout_loops_ring, hangedman_pestilent_swarm
D:15:     grunt_enter_depths_hoard, layout_loops_ring, uniq_nessos

Skill      XL: |  1  2  3  4  5  6  7  8  9 10 11 12 |
---------------+-------------------------------------+-----
Unarmed Combat | 5 6 8 9 11 13 14 15 | 15.7
Fighting       | 3 4 5 |  5.4
Shields        | 1 3 4 5 7 |  7.5
Invocations    | 1 2 3 4 5 6 |  6.5
Axes           | 2 |  2.3
Dodging        | |  2.9
Stealth        | |  1.2

Action                   |  1- 3 |  4- 6 |  7- 9 | 10-12 || total
-------------------------+-------+-------+-------+-------++-------
Melee: Unarmed           |    89 |   152 |   250 |   673 ||  1164
       Punch             |     2 |       |       |       ||     2
       Headbutt          |       |       |    12 |   138 ||   150
       War axe           |       |       |       |     8 ||     8
Invok: Heroism           |       |     1 |     8 |    14 ||    23
       Finesse           |       |       |       |     6 ||     6
  Use: Scroll            |       |       |     5 |     2 ||     7
       Potion            |       |       |     5 |     1 ||     6
 Stab: Sleeping          |     4 |     1 |     5 |     8 ||    18
  Eat: Chunk             |    13 |    14 |    28 |    52 ||   107
Armor: Robe              |    34 |    50 |    41 |    94 ||   219
Dodge: Dodged            |    28 |    48 |    76 |   192 ||   344
Block: Shield            |       |    62 |    99 |   309 ||   470
